 Dungeon Crawl Stone Soup version 0.31.0-11-ge490571c62 (webtiles) character file.

Game seed: 4022864192911191325

11335 Bravepunisher the Fiendish (level 11, -4/60 HPs)
             Began as a Spriggan Monk on Jan 27, 2024.
             Was a Priest of Makhleb.
             Slain by a minotaur
             ... wielding a +2 quick blade of holy wrath
              (16 damage)
             ... in a Gauntlet.
             The game lasted 00:51:12 (11090 turns).

Bravepunisher the Fiendish (Spriggan Monk)         Turns: 11090, Time: 00:51:12

Health: -4/60      AC:  4    Str: 13    XL:     11   Next: 48%
Magic:  21/21      EV: 27    Int: 12    God:    Makhleb [***...]
Gold:   575        SH:  7    Dex: 25    Spells: 10/10 levels left

rFire   . . .        k - +4 dagger
rCold   x . .        i - +0 buckler
rNeg    + + .        b - +0 robe
rPois   .            A - +2 hat
rElec   .            (no cloak)
rCorr   +            (gloves unavailable)
SInv    +            (boots unavailable)
Will    ++...        (no amulet)
Stlth   ++           j - ring "Evotta" {Fly rC- Str+6}
HPRegen 0.30/turn    g - ring of Lucidity {rN++ Will+ rCorr Dex+3}
MPRegen 0.17/turn

%: no teleportation
@: attractive, flying, very quick
A: very small, no large weapons, unfitting armour, see invisible, speed 3
a: Renounce Religion, Minor Destruction, Lesser Servant of Makhleb


You were in a Gauntlet.
You worshipped Makhleb.
Makhleb was most pleased with you.
You visited 3 branches of the dungeon, and saw 14 of its levels.
You also visited: Bailey and Gauntlet.

You collected 1069 gold pieces.
You spent 494 gold pieces at shops.

Inventory:

Hand Weapons
 k - a +4 dagger (weapon)
Missiles
 r - 3 throwing nets (quivered)
Armour
 b - a +0 robe (worn)
 i - a +0 buckler (worn)
 A - a +2 hat (worn)
Jewellery
 g - the ring of Lucidity (right hand) {rN++ Will+ rCorr Dex+3}
   (You bought it in a shop on level 4 of the Dungeon)

   [ring of resist corrosion]

   Dex+3:     It affects your dexterity (+3).
   rN++:      It greatly protects you from negative energy.
   Will+:     It increases your willpower.
   rCorr:     It protects you from acid and corrosion.
 j - the ring "Evotta" (left hand) {Fly rC- Str+6}
   (You found it on level 7 of the Dungeon)

   [ring of flight]

   Str+6:     It affects your strength (+6).
   rC-:       It makes you vulnerable to cold.
   Fly:       It grants you flight.
 t - a ring of protection from cold
 C - a ring of protection from fire
 E - a +4 ring of protection
Wands
 e - a wand of polymorph (6)
 y - a wand of charming (5)
 B - a wand of iceblast (7)
Scrolls
 d - 10 scrolls of identify
 m - a scroll of vulnerability {unknown}
 n - 2 scrolls of noise {unknown}
 o - a scroll of fear {unknown}
 q - 5 scrolls of teleportation
 u - 3 scrolls of amnesia {unknown}
 w - 6 scrolls of enchant weapon
 x - a scroll of silence {unknown}
 z - a scroll of enchant armour {unknown}
 D - a scroll of poison {unknown}
Potions
 a - 2 potions of lignification {unknown}
 c - a potion of ambrosia
 f - a potion of magic
 h - a potion of attraction
 l - 2 potions of brilliance {unknown}
 p - 2 potions of cancellation {unknown}
 s - a potion of invisibility {unknown}
 v - a potion of enlightenment {unknown}


   Skills:
 + Level 8.2 Fighting
 - Level 3.2 Short Blades
 + Level 0.5 Armour
 - Level 10.0 Dodging
 - Level 5.0 Shields
 * Level 12.4 Invocations


You had 10 spell levels left.
You didn't know any spells.
Your spell library contained the following spells:

 Spells                   Type           Power      Damage    Failure   Level
 Foxfire                  Conj/Fire      0%         2x1d4     41%         1
 Necrotise                Necr           0%         1d4       41%         1
 Blink                    Tloc           0%         N/A       54%         2
 Lesser Beckoning         Tloc           0%         N/A       54%         2
 Momentum Strike          Conj/Tloc      0%         3d8       54%         2
 Vampiric Draining        Necr           0%         2d6       78%         3
 Martyr's Knell           Necr/Summ      0%         N/A       99%         4
 Curse of Agony           Necr           0%         N/A       100%        5
 Plasma Beam              Fire/Air       0%         2x1d10    100%        6
 Starburst                Conj/Fire      0%         6d3       100%        6


Dungeon Overview and Level Annotations

Branches:
Dungeon (12/15)            Temple (1/1) D:4            Lair (1/5) D:8
 Bailey (visited)         Gauntlet (1/1)
    Orc: D:9-12

Altars:
Ashenzari
Cheibriados
Dithmenos
Elyvilon
Fedhas
Gozag
Hepliaklqana
Kikubaaqudgha
Makhleb
Nemelex Xobeh
Okawaru
Qazlal
Ru
Sif Muna
Trog
Uskayaw
Vehumet
Wu Jian
Xom
Yredelemnul
Zin
The Shining One

Shops:
D:4 (==

Annotations:
D:5 PaiMei's ghost, amateur DsNe
D:9 1 exclusion, Amaemon Gauntlet 6 transporters


Innate Abilities, Weirdness & Mutations

You are very small and have problems with some larger weapons.
You are too small for most types of armour.
You have supernaturally acute eyesight. (SInv)
You cover ground extremely quickly. (Speed+++)


Message History

Aim: a minotaur, wielding a +2 quick blade of holy wrath, wearing a +0 plate armour, wearing the orb of Fun {mayhem, rElec SInv} and quivering javelins (ally target)
The zap misses the minotaur.
The minotaur throws a javelin.
The javelin completely misses you.
The minotaur throws a javelin.
The javelin pierces through your orange demon!!
The javelin pierces through you!!
Unknown command.
Your orange demon stings the minotaur!
Your orange demon hits the minotaur.
The minotaur looks weaker.
The minotaur hits your orange demon with a +2 quick blade of holy wrath!
Your orange demon convulses!!
The minotaur hits your orange demon with a +2 quick blade of holy wrath!
Your orange demon dies!
Your orange demon disappears in a puff of smoke!
A demon appears!
The minotaur completely misses your ynoxinul.
The minotaur barely misses your ynoxinul. x2
The minotaur hits your ynoxinul with a +2 quick blade of holy wrath!
Your ynoxinul convulses.
The minotaur hits your ynoxinul with a +2 quick blade of holy wrath!
Your ynoxinul convulses.
The minotaur gores your ynoxinul!
Your ynoxinul dies!
Your ynoxinul disappears in a puff of smoke!
A demon appears!
It was a potion of attraction.
You feel attractive to monsters.
Your orange demon stings the minotaur but does no damage.
Your orange demon hits the minotaur but does no damage.
The minotaur hits your orange demon but does no damage.
The minotaur hits your orange demon with a +2 quick blade of holy wrath!
Your orange demon convulses!!
The minotaur gores your orange demon. The minotaur is attracted toward you.
Your smoke demon gestures at the minotaur.
The minotaur is smitten.
The minotaur is attracted toward you.
A demon appears!
You can no longer hurl Makhleb's greater destruction.
The minotaur hits you with a +2 quick blade of holy wrath!
* * * LOW HITPOINT WARNING * * *
The minotaur hits you with a +2 quick blade of holy wrath!
You die...

#≈............≈∩≈............≈###
###############################
#8# #≈...............≈# #8# ###
#8.8.8..©.©..8.8.8# ###
#≈...............≈#
#########.#########
#....3......#.# #3###########.#
#.#.§4§H@4#.#.# #.#3#######.#.#
#.#.##⌠.⌠##.#.# #.#3.H.∩.#..#.#
#.##.#⌠.⌠#.##.# #..#.#####.#..#
##.#.......#.## #.####.####.#
#...........#


You could see a minotaur (weak, ally target) and 2 friendly orange demons.

Vanquished Creatures
  Snorg (D:10)
  2 two-headed ogres
  An unseen horror (D:10)
  A hornet (D:10)
  A wraith (D:9)
  21 yaks
  A wyvern (D:10)
  A steam dragon (D:7)
  Edmund (D:6)
  An acid dragon (D:6)
  2 sky beasts (D:7)
  2 ice beasts
  A laughing skull (Gauntlet)
  9 orc warriors
  4 ogres
  2 wolves (D:8)
  2 phantoms
  2 centaurs
  2 kobold brigands (D:8)
  2 bullfrogs
  6 scorpions
  A gnoll sergeant (D:9)
  4 killer bees (D:9)
  2 electric eels (Bailey)
  11 howler monkeys
  A bombardier beetle (D:7)
  2 hounds (D:5)
  2 jellies
  4 orc priests
  2 sleepcaps (D:6)
  An iguana (D:7)
  5 orc wizards
  4 gnolls
  5 adders
  A shadow imp (D:6)
  2 white imps
  4 ufetubi (D:6)
  A dart slug (D:1)
  26 orcs
  6 endoplasms
  2 giant cockroaches
  11 goblins
  7 hobgoblins
  2 jackals (D:3)
  5 quokkas
  4 ball pythons
  4 bats
  3 frilled lizards
  14 kobolds
  6 rats
207 creatures vanquished.

Vanquished Creatures (collateral kills)
  Harold (D:10)
  A gargoyle (D:9)
  An orc warrior (D:8)
  2 centaurs (D:7)
  A killer bee (D:9)
6 creatures vanquished.

Vanquished Creatures (others)
  An orc priest (D:8)
1 creature vanquished.

Grand Total: 214 creatures vanquished

Notes
Turn   | Place    | Note
-------+----------+-------------------------------------------
     0 | D:1      | Bravepunisher the Spriggan Monk began the quest for the
                  | Orb.
     0 | D:1      | Reached XP level 1. HP: 11/11 MP: 2/2
   184 | D:1      | Reached XP level 2. HP: 5/16 MP: 3/3
   551 | D:2      | Reached XP level 3. HP: 6/20 MP: 4/4
   862 | D:4      | Found a staircase to the Ecumenical Temple.
   971 | Temple   | Entered the Ecumenical Temple
   986 | Temple   | Became a worshipper of Makhleb the Destroyer
   986 | Temple   | Reached * piety under Makhleb
   986 | Temple   | Reached ** piety under Makhleb
  1028 | D:3      | Found a faded altar of an unknown god.
  1739 | D:2      | Found a sparkling altar of Nemelex Xobeh.
  1751 | D:2      | Reached skill level 1 in Invocations
  2171 | D:3      | Found a snail-covered altar of Cheibriados.
  2198 | D:3      | Reached skill level 5 in Dodging
  2198 | D:3      | Reached XP level 4. HP: 23/24 MP: 4/6
  2205 | D:3      | Reached skill level 2 in Invocations
  2370 | D:3      | Reached XP level 5. HP: 27/28 MP: 7/7
  2391 | D:3      | Found a glowing silver altar of Zin.
  2585 | D:3      | Found a radiant altar of Vehumet.
  2805 | D:3      | Found a hide-covered altar of Uskayaw.
  2917 | D:4      | Found Bofa's Jewellery Boutique.
  2917 | D:4      | Found Lihaj's Jewellery Boutique.
  2917 | D:4      | Found Zusea's Weapon Boutique.
  2989 | D:4      | Noticed an ogre
  3013 | D:4      | Killed an ogre
  3014 | D:4      | Reached skill level 3 in Invocations
  3014 | D:4      | Reached XP level 6. HP: 33/33 MP: 9/9
  3511 | D:5      | Entered Level 5 of the Dungeon
  3513 | D:5      | Noticed PaiMei's ghost (amateur DsNe)
  3514 | D:5      | Found a transporter.
  3514 | D:5      | Identified the +7 great mace of Bysayr {freeze, *Noise
                  | rN+++ Int-3 Stlth+}
  3522 | D:5      | Found a transporter.
  3602 | D:5      | Noticed a yak
  3619 | D:5      | Killed a yak
  3620 | D:5      | Reached skill level 4 in Invocations
  3639 | D:5      | Noticed a yak
  3641 | D:5      | Noticed a yak
  3641 | D:5      | Noticed a yak
  3789 | D:5      | Reached *** piety under Makhleb
  3790 | D:5      | Reached XP level 7. HP: 35/37 MP: 11/11
  3975 | D:5      | Reached skill level 5 in Invocations
  4335 | D:5      | You fall into a shaft and drop 2 floors!
  4336 | D:7      | Identified the ring "Evotta" {Fly rC- Str+6}
  4460 | D:6      | Found a sacrificial altar of Ru.
  4631 | D:6      | Noticed a two-headed ogre
  4669 | D:6      | Killed a two-headed ogre
  4670 | D:6      | Reached skill level 5 in Fighting
  4670 | D:6      | Reached skill level 1 in Shields
  4670 | D:6      | Reached skill level 6 in Invocations
  4670 | D:6      | Reached XP level 8. HP: 21/43 MP: 12/14
  4926 | D:6      | Reached skill level 7 in Invocations
  5148 | D:5      | Reached XP level 9. HP: 31/47 MP: 15/15
  5564 | D:5      | Found a bloodstained altar of Trog.
  5576 | D:5      | Found a white marble altar of Elyvilon.
  5952 | D:6      | Reached skill level 8 in Invocations
  6039 | D:6      | Noticed Edmund
  6055 | D:6      | Killed Edmund
  6236 | D:6      | Found an ancient bone altar of Kikubaaqudgha.
  6693 | D:7      | Reached skill level 9 in Invocations
  7307 | D:8      | Found a flagged portal.
  7315 | Bailey   | Entered a bailey
  7343 | Bailey   | Reached **** piety under Makhleb
  7366 | Bailey   | Reached skill level 10 in Dodging
  7377 | Bailey   | Reached XP level 10. HP: 42/53 MP: 18/18
  7666 | Bailey   | Acquired 654 gold pieces
  7727 | Bailey   | Found an iron altar of Okawaru.
  7727 | Bailey   | Noticed an orc sorcerer
  7728 | Bailey   | Noticed an orc sorcerer
  7736 | Bailey   | Noticed a rust devil
  8084 | D:4      | Bought the ring of Lucidity {rN++ Will+ rCorr Dex+3} for
                  | 494 gold pieces
  8228 | D:8      | Found a staircase to the Lair.
  8246 | D:8      | Reached skill level 10 in Invocations
  8706 | D:9      | Noticed Amaemon
  8706 | D:9      | Noticed an orange demon
  8785 | D:9      | Noticed a gargoyle
  8812 | D:9      | Killed a gargoyle
  9021 | D:9      | Reached skill level 11 in Invocations
  9159 | D:9      | Noticed a two-headed ogre
  9174 | D:9      | Killed a two-headed ogre
  9430 | D:9      | Reached XP level 11. HP: 44/58 MP: 20/20
  9671 | D:10     | Entered Level 10 of the Dungeon
  9841 | D:10     | Noticed Harold
  9909 | D:10     | Noticed Snorg
 10093 | D:10     | Killed Snorg
 10094 | D:10     | Reached skill level 12 in Invocations
 10290 | D:10     | Killed Harold
 10421 | D:10     | Reached skill level 5 in Shields
 10619 | D:11     | Noticed a skeletal warrior
 10706 | Lair:1   | Entered Level 1 of the Lair of Beasts
 10708 | Lair:1   | Found a gate leading to a gauntlet.
 10715 | Gauntlet | Entered a Gauntlet
 10715 | Gauntlet | Found a transporter.
 10715 | Gauntlet | Found a transporter.
 10715 | Gauntlet | Found a transporter.
 10719 | Gauntlet | Found a transporter.
 10732 | Gauntlet | Noticed a death scarab
 10733 | Gauntlet | Found a transporter.
 10737 | Gauntlet | Found a transporter.
 10744 | Gauntlet | Noticed an occultist
 10748 | Gauntlet | Found a transporter.
 10748 | Gauntlet | Found a transporter.
 10757 | Gauntlet | Noticed an occultist
 10759 | Gauntlet | Found a transporter.
 10760 | Gauntlet | Found the +5 scythe "Finisher" {speed, execute}
 10798 | Gauntlet | Found a transporter.
 10802 | Gauntlet | Found a transporter.
 10876 | Gauntlet | Found a transporter.
 11068 | Gauntlet | Identified the orb of Fun {mayhem, rElec SInv}
 11068 | Gauntlet | Noticed a minotaur
 11090 | Gauntlet | Slain by a minotaur

Illustrated notes

Levels and vault maps discovered:
D:1:      dpeg_arrival_boxorama, layout_loops_ring, minmay_small_reverse_x
D:2:      layout_loops_corners, basic_altar, serial_aquarium,
          aquarium_bridge_square [aquarium_subvault_bridge,
          aquarium_subvault_wall, aquarium_subvault_bridge,
          aquarium_subvault_bridge], aquarium_window_corridor_2,
          aquarium_window_corner, aquarium_view_2b, aquarium_view_2c,
          minmay_tromino_v7
D:3:      layout_loops_ring, lemuel_round_altar, general_overflow_altar,
          zin_scriptorium, nicolae_uskayaw_suspiria,
          hellmonk_ecumenical_altar_arch_garden
D:4:      layout_loops_cross, minmay_temple_entry_drinking_statues,
          nicolae_shop_distant_corner_stores, minmay_misc_feat_hallway,
          minmay_misc_feat_tower
D:5:      layout_loops_corners, jmf_multi_god_temple2, gammafunk_ghost_smash,
          corner_web_ring
D:6:      layout_loops_cross, mainiacjoe_overflow_24_doors,
          mainiacjoe_overflow_alcove_1, uniq_edmund
D:7:      layout_rooms, serial_bayou_ford_a
D:8:      layout_rooms, erik_lair_orcish_takeover, enter_bailey_2
D:9:      layout_loops_ring, hangedman_abyss_or_decor_lesser_grid, uniq_amaemon
D:10:     layout_basic, uniq_snorg, uniq_harold
D:11:     minmay_the_grid_triangle_9x9_recursive_2_mashed
          [minmay_the_grid_triangle_9x9_prize_top_heavy,
          minmay_the_grid_triangle_9x9_impossible_snake,
          minmay_the_grid_triangle_9x9_sprig,
          minmay_the_grid_triangle_9x9_intruding_spiral], layout_loops_corners,
          serial_shops, nicolae_shop_real_fake_doors, uniq_urug, uniq_lodul
D:12:     layout_cave_pods, david_orc_4, uniq_nergalle
Temple:   eino_narrow_crystal_temple
Lair:1:   layout_cave_pods, gauntlet_entry_generic
Gauntlet: gammafunk_gauntlet_hard_choice [nicolae_gauntlet_arena_blocks,
          gammafunk_gauntlet_arena_crates, gammafunk_gauntlet_arena_mazey,
          gammafunk_gauntlet_arena_hedges, gammafunk_gauntlet_arena_corners,
          nicolae_gauntlet_arena_t_cross, dreamdust_gauntlet_exit_labyrinth]

Skill      XL: |  1  2  3  4  5  6  7  8  9 10 11 |
---------------+----------------------------------+-----
Fighting       | 3 4 5 6 7 8 |  8.2
Invocations    | 1 2 3 4 6 7 9 11 12 | 12.4
Dodging        | 5 6 7 8 10 | 10.0
Shields        | 1 2 4 5 |  5.0
Short Blades   | |  3.2
Armour         | |  0.5

Action                     |  1- 3 |  4- 6 |  7- 9 | 10-12 || total
---------------------------+-------+-------+-------+-------++-------
  Melee: Short sword       |    90 |       |       |       ||    90
         Punch             |     1 |       |       |       ||     1
         Dagger            |     7 |    16 |   106 |   144 ||   273
  Throw: Throwing net      |       |       |       |     1 ||     1
 Invoke: Minor Destruction |    20 |    58 |   214 |   229 ||   521
         Lesser Servant of |       |       |     2 |    11 ||    13
  Evoke: Wand              |       |       |       |    16 ||    16
    Use: Scroll            |       |     4 |     2 |     2 ||     8
         Potion            |       |     3 |     1 |     4 ||     8
   Stab: Sleeping          |     5 |       |       |       ||     5
         Distracted        |     1 |       |       |     1 ||     2
 Armour: Robe              |    21 |    11 |    43 |    53 ||   128
  Dodge: Dodged            |    68 |    19 |   121 |   162 ||   370
  Block: Buckler           |       |       |    30 |    66 ||    96
